 Dungeon Crawl Stone Soup version 0.30-a0-596-g0af90f9a20 (webtiles) character file.

Game seed: 6392548690890804849

39 spardeous the Ducker (level 3, -16/14 HPs)
             Began as a Felid Earth Elementalist on Jan 7, 2023.
             Demolished by an orc
             ... wielding a +1 trident of distortion
              (25 damage)
             ... on level 4 of the Dungeon.
             The game lasted 00:01:47 (843 turns).

spardeous the Ducker (Felid Earth Elementalist)      Turns: 843, Time: 00:01:48

Health: -16/14     AC:  1    Str:  4    XL:     3   Next: 26%
Magic:  3/7        EV: 18    Int: 18    God:
Gold:   45         SH:  0    Dex: 16    Spells: 2/6 levels left
                                        Lives:  0   Deaths: 0

rFire   . . .      SeeInvis +    (weapon unavailable)
rCold   . . .      Faith    .    (shield unavailable)
rNeg    . . .      Spirit   .    (body armour unavailable)
rPois   .          Reflect  .    (helmet unavailable)
rElec   .          Harm     .    (cloak unavailable)
rCorr   .          Rampage  .    (gloves unavailable)
Will    .....                    (boots unavailable)
Stlth   ++                       (no amulet)
HPRegen 0.22/turn                (no ring)
MPRegen 0.10/turn                (no ring)

@: quick
A: very small, claws 1, fangs 3, see invisible, speed 1, shaggy fur 1, stealthy
paws, no weapons or thrown items, no armour, multi-lived
a: no special abilities


You were on level 4 of the Dungeon.
You visited 1 branch of the dungeon, and saw 4 of its levels.

You collected 45 gold pieces.

Inventory:

Scrolls
 b - a scroll of summoning {unknown}
 e - a scroll of enchant armour {unknown}
 f - a scroll of enchant weapon {unknown}
Potions
 a - a potion of magic
 c - a potion of berserk rage {unknown}
 d - a potion of flight {unknown}
 g - a potion of curing {unknown}


   Skills:
 + Level 4.0 Dodging
 - Level 2.6 Stealth
 - Level 2.0 Spellcasting
 - Level 1.1 Transmutations
 + Level 3.4 Earth Magic


You had 2 spell levels left.
You knew the following spells:

 Your Spells              Type           Power      Damage    Failure   Level
a - Sandblast             Erth           28%        2d8       4%          1
b - Stone Arrow           Conj/Erth      14%        3d7       26%         3

Your spell library contained the following spells:

 Spells                   Type           Power      Damage    Failure   Level
 Passwall                 Tmut/Erth      7%         N/A       11%         2
 Petrify                  Tmut/Erth      9%         N/A       56%         4


Dungeon Overview and Level Annotations

Branches:
Dungeon (4/15)
 Temple: D:4-7

Altars:


Innate Abilities, Weirdness & Mutations

You have sharp claws.
You have razor-sharp teeth.
You have supernaturally acute eyesight. (SInv)
You cover ground quickly. (Speed+)
You are covered in fur. (AC +1)
Your paws help you pounce on unaware monsters.
You are incapable of wielding weapons or throwing items.
You cannot wear armour.
You gain extra lives every three experience levels.


Message History

HP restored.
There is a stone staircase leading down here.
You start resting.
Magic restored.
You climb downwards.
There is a stone staircase leading up here.
Casting: Sandblast (safe; 4% risk of failure)
Confirm with . or Enter, or press ? or * to list all spells.
Aiming: Sandblast (safe; 4% risk of failure)
Press: ? - help, Shift-Dir - straight line, f - orc
Aim: an orc, wielding a +0 club (82% to hit)
The blast of sand hits the orc.
The orc is almost dead.
The orc hits you with a +0 club.
A goblin comes into view. It is wielding a +0 dagger.
Casting: Sandblast (safe; 4% risk of failure)
Confirm with . or Enter, or press ? or * to list all spells.
Aiming: Sandblast (safe; 4% risk of failure)
Press: ? - help, Shift-Dir - straight line, f/p - orc
Aim: an orc, wielding a +0 club (almost dead, 82% to hit)
The blast of sand hits the orc!
You kill the orc!
The goblin shouts!
Casting: Sandblast (safe; 4% risk of failure)
Confirm with . or Enter, or press ? or * to list all spells.
Aiming: Sandblast (safe; 4% risk of failure)
Press: ? - help, Shift-Dir - straight line, f - orc
Aim: an orc, wielding a +1 trident of distortion and wearing a +0 chain mail (87% to hit)
The blast of sand hits the orc but does no damage.
The orc misses you.
Casting: Sandblast (safe; 4% risk of failure)
Confirm with . or Enter, or press ? or * to list all spells.
Aiming: Sandblast (safe; 4% risk of failure)
Press: ? - help, Shift-Dir - straight line, f/p - orc
Aim: an orc, wielding a +1 trident of distortion and wearing a +0 chain mail (87% to hit)
The blast of sand hits the orc but does no damage.
The orc hits you from afar with a +1 trident of distortion.
Space warps horribly around you!!
Ouch! That really hurt!
You die...

####.## ###
......# #..
....... ##
#..##......
...#...#... ... .#
.........##....
... #.!........
?o..#####...#.....
##.....##@..##....
#.....g[).........
.......o....###..
.......#...##
#...........#
#............#
##..##.........
#... ####.##....
#.. .. ....


You could see an orc and a goblin.

Vanquished Creatures
  An adder (D:2)
  2 orcs (D:4)
  2 ball pythons
  2 endoplasms (D:1)
  3 giant cockroaches
  6 goblins
  A hobgoblin (D:3)
  2 quokkas (D:3)
  A bat (D:2)
  2 kobolds (D:3)
  2 rats
24 creatures vanquished.

Notes
Turn   | Place    | Note
-------+----------+-------------------------------------------
     0 | D:1      | spardeous the Felid Earth Elementalist began the quest for
                  | the Orb.
     0 | D:1      | Reached XP level 1. HP: 7/7 MP: 4/4
    76 | D:1      | Reached skill level 3 in Dodging
   214 | D:1      | Reached XP level 2. HP: 11/11 MP: 4/6
   582 | D:3      | Reached XP level 3. HP: 14/14 MP: 5/7
   592 | D:3      | Learned a level 3 spell: Stone Arrow
   782 | D:3      | Reached skill level 4 in Dodging
   843 | D:4      | Demolished by an orc

Illustrated notes

Levels and vault maps discovered:
D:1:      ebering_hopf_link, layout_basic, serial_rivers,
          chequers_serial_rivers_small_b, chequers_serial_rivers_small_3,
          chequers_serial_rivers_room_b, chequers_serial_rivers_room_a
D:2:      layout_basic, serial_shops, shop, minmay_rat_gold_closets,
          uniq_terence, uniq_jessica, uniq_robin
D:3:      layout_loops_ring, serial_shops, nicolae_shop_advertising_works
          [nicolae_subvault_shop_adworks]
D:4:      layout_cave_pools, lemuel_blue_sif_altar,
          minmay_temple_entry_junction, hangedman_decor_push

Skill      XL: |  1  2  3 |
---------------+----------+-----
Dodging        | 3 4 |  4.0
Earth Magic    | 3 |  3.4
Stealth        | |  2.6
Spellcasting   | |  2.0
Transmutations | |  1.1

Action                   || total
-------------------------++-------
Melee: Unarmed           ||     1
 Cast: Sandblast         ||    39
Armor: Skin              ||     1
Dodge: Dodged            ||    15

Table legend: (Time is in decaauts)
 A = Elapsed time spent in this place.
 B = Non-inter-level travel time spent in this place.
 C = Inter-level travel time spent in this place.
 D = Time resting spent in this place.
 E = Time spent auto-exploring this place.
 F = Levels seen in this place.
 G = Mean time per level.
                   A        B        C        D        E       F      G
               +--------+--------+--------+--------+--------+-----+--------+
         Total |    756 |    733 |     23 |     72 |    405 |   4 |  189.0 |
       Dungeon |    756 |    733 |     23 |     72 |    405 |   4 |  189.0 |
               +--------+--------+--------+--------+--------+-----+--------+

Top non-repeatable levels by time:
     D:1: 253 daAuts
     D:3: 250 daAuts
     D:2: 224 daAuts
     D:4: 28 daAuts
